 Dungeon Crawl Stone Soup version 0.30-a0-626-gd6a5dd7a1f (webtiles) character file.

Game seed: 3639495227409646360

61 billz999 the Shooter (level 4, -1/33 HPs)
             Began as a Djinni Hunter on Jan 11, 2023.
             Slain by a hobgoblin (3 damage)
             ... led by Robin
             ... on level 3 of the Dungeon.
             The game lasted 00:02:45 (1248 turns).

billz999 the Shooter (Djinni Hunter)                Turns: 1248, Time: 00:02:46

Health: -1/33      AC:  6    Str: 10    XL:     4   Next: 27%
Gold:   85         EV: 10    Int: 12    God:
                   SH:  0    Dex: 17

rFire   + + .      SeeInvis .    a - +0 shortbow
rCold   x . .      Faith    .    (shield currently unavailable)
rNeg    . . .      Spirit   .    j - +1 ring mail {Will+}
rPois   ∞          Reflect  .    (no helmet)
rElec   .          Harm     .    (no cloak)
rCorr   .          Rampage  .    (no gloves)
Will    +....                    (boots unavailable)
Stlth   +                        (no amulet)
HPRegen 0.25/turn                (no ring)
MPRegen 0.00/turn                (no ring)

@: mighty, flying
A: sickness immunity, fire resistance 2, cold vulnerability 1, float, innate
caster, HP casting, extra vitality 1
a: no special abilities


You were on level 3 of the Dungeon.
You visited 1 branch of the dungeon, and saw 3 of its levels.

You collected 85 gold pieces.

Inventory:

Hand Weapons
 a - a +0 shortbow (weapon)
Armour
 c - a +0 leather armour
 j - a +1 ring mail of willpower (worn)
Scrolls
 b - a scroll of immolation
 g - a scroll of blinking {unknown}
 h - a scroll of magic mapping {unknown}
 i - a scroll of silence {unknown}
 k - a scroll of teleportation {unknown}
 l - a scroll of fear {unknown}
 m - a scroll of enchant weapon {unknown}
 n - a scroll of brand weapon {unknown}
 o - a scroll of torment {unknown}
Potions
 e - a potion of degeneration {unknown}
 f - a potion of flight


   Skills:
 - Level 2.0 Fighting
 + Level 4.4 Ranged Weapons
 - Level 2.1 Dodging
 - Level 0.7 Stealth
 + Level 0.5 Spellcasting


You had 3 spell levels left.
You knew the following spells:

 Your Spells              Type           Power      Damage    Failure   Level
a - Foxfire               Conj/Fire      4%         2x1d4     56%         1
Your spell library was empty.

Dungeon Overview and Level Annotations

Branches:
Dungeon (3/15)

Altars:
Ashenzari

Annotations:
D:2 Terence


Innate Abilities, Weirdness & Mutations

You are immune to sickness and miasma.
You are immune to poison.
Your flesh is very heat resistant. (rF++)
You are vulnerable to cold. (rC-)
You float through the air rather than walking.
You learn spells naturally, not from books.
Your magical power is your life essence.
You have superior vitality. (+4 MHP)


Message History

The goblin attacks as you move away! The goblin hits you but does no damage.
The goblin attacks as you move away! The goblin hits you with a +0 dagger.
* * * LOW HITPOINT WARNING * * *
Things that are here:
a +0 club; a +0 dagger; a goblin corpse The goblin no longer looks unusually strong.
A ball python comes into view.
The goblin attacks as you move away! The goblin hits you with a +0 dagger.
* * * LOW HITPOINT WARNING * * *
The goblin attacks as you move away! The goblin hits you but does no damage.
The ball python hisses angrily.
The ball python bites you.
* * * LOW HITPOINT WARNING * * *
The ball python grabs you. The ball python constricts you.
You escape the ball python's grasp.
The goblin attacks as you move away! The goblin hits you with a +0 dagger.
* * * LOW HITPOINT WARNING * * *
The hobgoblin no longer looks unusually strong.
You shoot an arrow. The arrow hits the goblin.
You kill the goblin!
The ball python closely misses you. The ball python barely misses you.
You shoot an arrow. The arrow hits the ball python!
You kill the ball python!
The hobgoblin hits you but does no damage.
Okay, then.
It was a potion of flight.
You feel more buoyant. The goblin barely misses you.
The hobgoblin hits you but does no damage.
It was a potion of might.
You feel very mighty all of a sudden. The goblin hits you but does no damage.
You shoot an arrow. The arrow hits the goblin!
You kill the goblin!
The hobgoblin hits you.
* * * LOW HITPOINT WARNING * * *
The hobgoblin hits you but does no damage.
The hobgoblin completely misses you. The goblin closely misses you.
The hobgoblin hits you.
You die...

### ######
#. .#
..#+#....#
#. .# #
..#_#....#
#. .#.# #
..###....#
.#.#.##.#
.........#
.........
.........#
####........
#..[..##.#
#g.........#
########.#
#.##g##....
#..####.##@#
.
#.....)gggg#
#gg####.####
#..# #...#
#.g##.#.#.#
#.g.. .>....
#...# #.#
##. #...#
... . #...#
..


You could see 4 hobgoblins and a goblin.

Vanquished Creatures
  Robin (D:3)
  An adder (D:3)
  4 ball pythons
  2 endoplasms
  A giant cockroach (D:1)
  13 goblins
  4 hobgoblins
  2 quokkas
  2 frilled lizards
  5 kobolds
  2 rats
37 creatures vanquished.

Vanquished Creatures (others)
  2 foxfires (D:2)
2 creatures vanquished.

Grand Total: 39 creatures vanquished

Notes
Turn   | Place    | Note
-------+----------+-------------------------------------------
     0 | D:1      | billz999 the Djinni Hunter began the quest for the Orb.
     0 | D:1      | Reached XP level 1. HP: 18/18 MP: 0/0
    65 | D:1      | Reached XP level 2. HP: 23/23 MP: 0/0
   520 | D:1      | Found a faded altar of an unknown god.
   891 | D:2      | Reached XP level 3. HP: 28/28 MP: 0/0
   891 | D:2      | Learned a level 1 spell: Foxfire
   933 | D:2      | Noticed Terence
   935 | D:2      | Reached skill level 4 in Ranged Weapons
  1189 | D:3      | Found a broken altar of Ashenzari.
  1213 | D:3      | Noticed Robin
  1230 | D:3      | Reached XP level 4. HP: 24/33 MP: 0/0
  1232 | D:3      | Killed Robin
  1248 | D:3      | Slain by a hobgoblin

Illustrated notes

Levels and vault maps discovered:
D:1:      lightli_arrival_chessboard, layout_basic,
          ebering_ecumenical_altar_hall, minmay_pentomino_s2
D:2:      layout_rooms, chequers_arboretum, uniq_sigmund, uniq_terence
D:3:      kennysheep_the_goblin_king, layout_loops_ring,
          ashenzari_conservatory_becter, uniq_robin

Skill      XL: |  1  2  3 |
---------------+----------+-----
Ranged Weapons | 4 |  4.4
Fighting       | |  2.0
Dodging        | |  2.1
Stealth        | |  0.7
Spellcasting   | |  0.5

Action                   |  1- 3 |  4- 6 || total
-------------------------+-------+-------++-------
 Fire: Shortbow          |   100 |     6 ||   106
 Cast: Foxfire           |     1 |       ||     1
  Use: Potion            |       |     2 ||     2
Armor: Leather armour    |     2 |       ||     2
       Ring mail         |    33 |    10 ||    43
Dodge: Dodged            |    64 |    10 ||    74

Table legend: (Time is in decaauts)
 A = Elapsed time spent in this place.
 B = Non-inter-level travel time spent in this place.
 C = Inter-level travel time spent in this place.
 D = Time resting spent in this place.
 E = Time spent auto-exploring this place.
 F = Levels seen in this place.
 G = Mean time per level.
                   A        B        C        D        E       F      G
               +--------+--------+--------+--------+--------+-----+--------+
         Total |   1289 |   1248 |     41 |      3 |   1012 |   3 |  429.7 |
       Dungeon |   1289 |   1248 |     41 |      3 |   1012 |   3 |  429.7 |
               +--------+--------+--------+--------+--------+-----+--------+

Top non-repeatable levels by time:
     D:1: 886 daAuts
     D:3: 328 daAuts
     D:2: 75 daAuts
